 Dungeon Crawl Stone Soup version bcrawl-1.19.2-6-g6a88ae04c9 (webtiles) character file.

Game seed: 4604224865137171077

105 Mrkan the Skirmisher (level 4, 0/41 HPs)
             Began as a Hill Orc Fighter on Jan 7, 2020.
             Was a Follower of Elyvilon.
             Slain by an orc
             ... wielding a +0 trident
              (4 damage)
             ... on level 3 of the Dungeon.
             The game lasted 00:03:05 (1976 turns).

Mrkan the Skirmisher (Hill Orc Fighter)             Turns: 1976, Time: 00:03:05

Health: 0/41       AC:  9    Str: 23    XL:     4   Next: 81%
Magic:  4/4        EV:  5    Int:  8    God:    Elyvilon [*.....]
Gold:   226        SH:  9    Dex: 11    Spells: 3/3 levels left

rFire    . . .     SeeInvis .   a - +0 flail
rCold    . . .     Gourm    .   c - +0 shield
rNeg     . . .     Faith    .   l - +0 chain mail
rPois    .         Spirit   .   (no helmet)
rElec    .         Reflect  .   (no cloak)
rCorr    .         Harm     .   (no gloves)
MR       .....                  (no boots)
Stlth    ..........             m - amulet of magic regeneration
HPRegen  0.13/turn              (no ring)
MPRegen  0.34/turn              (no ring)

@: mighty
A: no striking features
a: Lesser Healing, Divine Protection, Renounce Religion


You were on level 3 of the Dungeon.
You worshipped Elyvilon.
Elyvilon was aware of your devotion.
You were not hungry.

You visited 1 branch of the dungeon, and saw 3 of its levels.

You collected 226 gold pieces.

Inventory:

Hand Weapons
 a - a +0 flail (weapon)
Armour
 c - a +0 shield (worn)
 l - a +0 chain mail (worn)
Jewellery
 h - an uncursed ring of stealth {unknown}
 m - an amulet of magic regeneration (around neck)
 t - an uncursed ring of fire {unknown}
 v - an uncursed amulet of rage {unknown}
 x - an uncursed ring of protection from magic {unknown}
Scrolls
 e - 5 scrolls of identify
 g - 2 scrolls of amnesia {unknown}
 j - a scroll of blinking {unknown}
 k - a scroll of fear {unknown}
 o - 2 scrolls of fog {unknown}
 q - 2 scrolls of enchant weapon {unknown}
 s - a scroll of remove curse {unknown}
 w - a scroll of magic mapping {unknown}
Potions
 b - 5 potions of curing {unknown}
 i - a potion of heal wounds {unknown}
 n - a potion of resistance {unknown}
 p - a potion of lignification {unknown}
 r - a potion of ambrosia {unknown}
 u - a potion of brilliance {unknown}
Comestibles
 f - 6 rations {!d}


   Skills:
 * Level 4.8 Fighting
   Level 4.8 Short Blades
   Level 4.8 Long Blades
   Level 4.8 Axes
   Level 4.8 Maces & Flails
   Level 4.8 Polearms
   Level 4.8 Staves
 + Level 4.1 Armour
 + Level 4.0 Shields
   Level 4.8 Unarmed Combat
 + Level 1.2 Invocations


You had 3 spell levels left.
You didn't know any spells.
Your spell library was empty.

Dungeon Overview and Level Annotations

Branches:
Dungeon (3/12)

Altars:
Ashenzari
Elyvilon
Lugonu
Nemelex Xobeh
Ru
Trog


Message History

The orc closely misses you.
The orc priest calls down the wrath of Beogh upon you.
Pain shoots through your body!
* * * LOW HITPOINT WARNING * * *
The orc hits you but does no damage. You block the orc's attack.
You bludgeon the orc priest!!
You kill the orc priest!
Your Armour skill increases to level 4!
Your Shields skill increases to level 4!
Your Invocations skill increases to level 1!
The orc hits you but does no damage. You block the orc's attack. x2
The orc barely misses you. The orc hits you but does no damage.
Items here: )) [[ †† You closely miss the orc.
The orc barely misses you. The orc hits you with a +0 short sword.
* * * LOW HITPOINT WARNING * * *
The orc hits you with a +0 flail.
* * * LOW HITPOINT WARNING * * *
The orc hits you with a +0 trident.
You die...

###### # #....# #####
#....# #...'
#....################
#..o@#............# #
#..oo#.##########.#
#............. #.#
#....?.#...... #.###
#......#.##### #....
#......# . #....
#....### ## #....
###... #.... #...
#....


You could see 3 orcs.

Vanquished Creatures
  An orc priest (D:3)
  An adder (D:3)
  An ooze (D:1)
  A worm (D:2)
  2 dart slugs (D:1)
  5 leopard geckos
  4 orcs (D:3)
  A ball python (D:1)
  A bat (D:2)
  A giant cockroach (D:3)
  3 goblins
  4 hobgoblins (D:1)
  2 jackals (D:3)
  8 kobolds
  A quokka (D:3)
  A frilled lizard (D:2)
  7 rats
44 creatures vanquished.

Notes
Turn   | Place    | Note
-------+----------+-------------------------------------------
     0 | D:1      | Mrkan the Hill Orc Fighter began the quest for the Orb.
     0 | D:1      | Reached XP level 1. HP: 20/20 MP: 1/1
    45 | D:1      | Reached XP level 2. HP: 26/27 MP: 2/2
   297 | D:1      | Reached XP level 3. HP: 34/34 MP: 3/3
   481 | D:2      | Found a faded altar of an unknown god.
   524 | D:2      | Found a sacrificial altar of Ru.
   655 | D:2      | Found a white marble altar of Elyvilon.
   665 | D:2      | Became a worshipper of Elyvilon the Healer
   743 | D:2      | Found a corrupted altar of Lugonu.
   912 | D:2      | Found a bloodstained altar of Trog.
   997 | D:3      | Found a sparkling altar of Nemelex Xobeh.
  1375 | D:3      | Reached * piety under Elyvilon
  1447 | D:3      | Found a shattered altar of Ashenzari.
  1487 | D:3      | Reached XP level 4. HP: 22/41 MP: 4/4
  1974 | D:3      | Reached skill level 1 in Invocations
  1976 | D:3      | Slain by an orc

Skill      XL: |  1  2  3  4 |
---------------+-------------+-----
Armour         | 4 |  4.1
Shields        | 4 |  4.0
Invocations    | 1 |  1.2
Fighting       | |  4.8
Short Blades   | |  4.8
Long Blades    | |  4.8
Axes           | |  4.8
Maces & Flails | |  4.8
Polearms       | |  4.8
Staves         | |  4.8
Unarmed Combat | |  4.8

Action                   |  1- 3 |  4- 6 || total
-------------------------+-------+-------++-------
Melee: Flail             |   128 |    33 ||   161
  Use: Scroll            |     1 |       ||     1
       Potion            |       |     1 ||     1
  Eat: Chunk             |     1 |     3 ||     4
Armor: Scale mail        |    14 |       ||    14
       Chain mail        |    61 |    20 ||    81
Dodge: Dodged            |    27 |     7 ||    34
Block: Shield            |    80 |    20 ||   100
